 Dungeon Crawl Stone Soup version 0.31-b1-20-g67cafac56d (webtiles) character file.

Game seed: 15372680158525291938

2226 Esekla the Covert (level 9, -9/59 HPs)
             Began as an Octopode Delver on Jan 17, 2024.
             Was an Initiate of Gozag.
             Mangled by an orc knight
             ... wielding a +0 glaive
              (31 damage)
             ... in a bailey.
             The game lasted 00:54:01 (6908 turns).

Esekla the Covert (Octopode Delver)                 Turns: 6908, Time: 00:54:01

Health: -9/59      AC: 11    Str: 12    XL:     9   Next: 36%
Magic:  10/15      EV: 15    Int: 16    God:    Gozag
Gold:   759        SH:  0    Dex: 13    Spells: 5/16 levels left

rFire   + . .        r - +7 trident
rCold   . . .        (no shield)
rNeg    . . .        (helmet restricted)
rPois   +            (no amulet)
rElec   +            c - +4 ring of protection
rCorr   .            m - ring of poison resistance
SInv    .            u - ring of protection from fire
Will    .....        (no ring)
Stlth   +++++        (no ring)
HPRegen 0.29/turn    (no ring)
MPRegen 0.14/turn    (no ring)
                     (no ring)

%: no passive effects
@: ice-armoured, fugue, gold aura
A: almost no armour, amphibious, 8 rings, camouflage 1, gelatinous body 1,
(nimble swimmer 1), tentacles, electricity resistance, wild magic 1
a: Renounce Religion, Potion Petition, Call Merchant, Bribe Branch


You were in a bailey.
You worshipped Gozag.
Gozag was pleased with you.
You visited 2 branches of the dungeon, and saw 8 of its levels.
You also visited: Bailey.

You collected 1272 gold pieces.
You spent 504 gold pieces at shops.
You paid 9 gold pieces to Gozag.

Inventory:

Hand Weapons
 a - a +0 long sword
 r - a +7 trident (weapon)
 s - a +2 vampiric dagger
Missiles
 h - 14 poisoned darts (quivered)
 q - a boomerang
Jewellery
 c - a +4 ring of protection (left tentacle)
 m - a ring of poison resistance (right tentacle)
 t - a ring of fire
 u - a ring of protection from fire (on tentacle)
Wands
 f - a wand of digging (1)
 g - a wand of iceblast (5)
 v - a wand of mindburst (13)
Scrolls
 b - a scroll of fog
 d - a scroll of poison {unknown}
 k - a scroll of teleportation
 l - a scroll of immolation {unknown}
 o - a scroll of silence {unknown}
 w - 2 scrolls of enchant armour
 x - a scroll of acquirement {unknown}
 y - a scroll of enchant weapon {unknown}
Potions
 e - a potion of curing
 i - 6 potions of mutation
 j - a potion of lignification {unknown}
 n - 2 potions of might {unknown}
 p - 4 potions of haste
 z - a potion of attraction {unknown}
 B - a potion of resistance {unknown}
 C - a potion of brilliance {unknown}


   Skills:
 * Level 4.7 Fighting
 + Level 2.4(4.0) Short Blades
 * Level 4.8(5.1) Long Blades
 + Level 0.9 Polearms
 + Level 1.4 Throwing
 * Level 5.2 Dodging
 + Level 8.6 Stealth
 * Level 4.1 Spellcasting
 + Level 1.2 Necromancy
 + Level 3.0 Translocations
 * Level 2.9 Fire Magic
 * Level 3.0 Ice Magic
 + Level 0.2 Earth Magic
 + Level 1.3 Evocations


You had 5 spell levels left.
You knew the following spells:

 Your Spells              Type           Power      Damage    Failure   Level
a - Ozocubu's Armour      Ice            17%        N/A       21%         3
b - Blink                 Tloc           32%        N/A       12%         2
o - Scorch                Fire           32%        2d6       12%         2
p - Apportation           Tloc           32%        N/A       8%          1
w - Fugue of the Fallen   Necr           9%         N/A       38%         3

Your spell library contained the following spells:

 Spells                   Type           Power      Damage    Failure   Level
 Lesser Beckoning         Tloc           32%        N/A       12%         2
 Gell's Gravitas          Tloc           16%        N/A       21%         3
 Teleport Other           Tloc           16%        N/A       21%         3
 Shock                    Conj/Air       16%        1d4       24%         1
 Jinxbite                 Hex            8%         N/A       34%         2
 Manifold Assault         Tloc           16%        N/A       52%         4
 Flame Wave               Conj/Fire      10%        2d6       73%         4
 Leda's Liquefaction      Alch/Erth      2%         N/A       89%         4
 Alistair's Intoxication  Alch           2%         N/A       99%         5
 Arcjolt                  Conj/Air       2%         1d12      99%         5
 Lee's Rapid Deconstruct  Erth           2%         3d5*      99%         5
 Bombard                  Conj/Erth      2%         9d1       100%        6
 Summon Cactus Giant      Summ           2%         N/A       100%        6
 Chain Lightning          Conj/Air       2%         3d2       100%        9


Dungeon Overview and Level Annotations

Branches:
Dungeon (7/15)             Temple (1/1) D:5          Bailey (1/1)

Altars:
Ashenzari
Elyvilon
Fedhas
Gozag
Hepliaklqana
Kikubaaqudgha
Makhleb
Nemelex Xobeh
Qazlal
Ru
Sif Muna
Trog
Uskayaw
Vehumet
Wu Jian
Xom
Yredelemnul
Zin
The Shining One

Shops:
D:2 (   D:6 :

Annotations:
D:6 Edmund, Pikel
D:7 Maggie


Innate Abilities, Weirdness & Mutations

You cannot wear most types of armour.
You are amphibious.
You can wear up to eight rings at the same time.
Your skin changes colour to match your surroundings (Stealth+).
Your rubbery body absorbs attacks. (AC +1, EV +1)
((You are camouflaged when in or above water. (Stealth+)))
You have tentacles for arms and can constrict up to eight enemies at once.
You are resistant to electric shocks. (rElec)
Your spells are a little harder to cast, but a little more powerful.


Message History

Please select a direction to dig.
Okay, then.
Aiming: Iceblast
Press: ? - help, Shift-Dir - straight line, f/p - orc knight
Aim: an orc knight, wielding a +0 glaive and wearing a +0 ring mail (heavily wounded, strong)
The mass of ice explodes!
The iceblast engulfs the orc knight.
The orc knight is heavily wounded.
The iceblast engulfs the orc!
You kill the orc!
The iceblast engulfs the orc knight!
The orc knight is severely wounded.
The orc knight is distracted by your dazzling golden aura.
The orc knight closely misses you.
Casting: Fugue of the Fallen (dangerous; 38% risk of failure)
Confirm with . or Enter, or press ? or * to list all spells.
A film of ice covers your body!
The orc knight shouts!
An orc knight comes into view. It is wielding a +0 trident.
An orc warrior comes into view. It is wielding a +0 bardiche.
The orc knight shouts!
You hit the orc knight. You grab the orc knight.
The orc knight is severely wounded.
You constrict the orc knight, but do no damage.
The orc knight is no longer distracted by gold.
The orc knight hits you with a +0 glaive!
The orc knight hits you from afar with a +0 glaive!!
You feel much better.
You constrict the orc knight, but do no damage.
The orc knight barely misses you.
The orc warrior is distracted by your dazzling golden aura.
The orc knight hits you from afar with a +0 glaive!!
The orc warrior shouts!
You hit the orc knight.
The orc knight is severely wounded.
You constrict the orc knight, but do no damage.
The orc warrior is no longer distracted by gold.
The orc knight hits you with a +0 glaive!!
Ouch! That really hurt!
You die...
Your body crumbles into a pile of gold.

####### #######
###.....#########.....##
.'.......#.....#.......#
.o.$.$#..'.....'...##))#
.'o..o.@.'.....'....8..)
.'$...#o.'.....'...##..#
.'.......#.....#.......#
###.....#########.....##
####### #######


You could see 3 orc knights and an orc warrior (strong).

Vanquished Creatures
  3 orc warriors (Bailey)
  An ice beast (D:5)
  2 sky beasts
  5 ogres
  A centaur (D:5)
  2 phantoms
  A bullfrog (D:7)
  A gnoll sergeant (D:7)
  A scorpion (D:7)
  3 wights (D:6)
  A crimson imp (D:3)
  3 hounds
  6 orc priests
  Crazy Yiuf (D:2)
  A gnoll bouda (D:5)
  A sleepcap (D:5)
  An iguana (D:5)
  3 orc wizards
  3 adders
  7 gnolls
  A white imp (D:6)
  2 dart slugs
  A ribbon worm (D:2)
  32 orcs
  A ball python (D:2)
  3 bats
  3 giant cockroaches
  3 goblins
  5 hobgoblins
  6 jackals (D:4)
  2 quokkas
  A frilled lizard (D:1)
  2 kobolds
  5 rats
114 creatures vanquished.

Notes
Turn   | Place    | Note
-------+----------+-------------------------------------------
     0 | D:5      | Esekla the Octopode Delver began the quest for the Orb.
     0 | D:5      | Reached XP level 1. HP: 16/16 MP: 1/1
     4 | D:5      | Noticed a centaur
    46 | D:5      | Found a staircase to the Ecumenical Temple.
    67 | Temple   | Entered the Ecumenical Temple
    87 | D:5      | Noticed an ogre
    87 | D:5      | Noticed an orc wizard
    88 | D:5      | Noticed an orc priest
    93 | D:5      | Gained mutation: You are resistant to electric shocks.
                  | (rElec) [potion of mutation]
    93 | D:5      | Gained mutation: Your spells are a little harder to cast,
                  | but a little more powerful. [potion of mutation]
   138 | D:6      | Noticed a sky beast
   165 | D:6      | Noticed an orc priest
   165 | D:6      | Noticed an orc priest
   166 | D:6      | Noticed a hound
   231 | D:6      | Noticed an ogre
   239 | D:6      | Noticed an orc wizard
   260 | D:6      | Noticed a wight
   261 | D:6      | Noticed a wight
   261 | D:6      | Noticed a wight
   306 | D:6      | Found a bloodstained altar of Trog.
   317 | D:6      | Found a stormy altar of Qazlal.
   317 | D:6      | Found an opulent altar of Gozag.
   317 | D:6      | Found a hide-covered altar of Uskayaw.
   317 | D:6      | Found a shimmering blue altar of Sif Muna.
   318 | D:6      | Found a sacrificial altar of Ru.
   320 | D:6      | Found a hazy altar of Hepliaklqana.
   354 | D:6      | Noticed an iguana
   391 | D:6      | Became a worshipper of Gozag Ym Sagoz the Greedy
   450 | D:6      | Noticed an ogre
   454 | D:5      | Noticed a hound
   461 | D:5      | Killed a hound
   462 | D:5      | Reached skill level 7 in Stealth
   462 | D:5      | Reached XP level 2. HP: 17/21 MP: 2/2
   462 | D:5      | Reached XP level 3. HP: 21/26 MP: 3/3
   702 | D:2      | Identified the +5 hammer of Fortitude {venom, rF+}
   704 | D:2      | Found a runed translucent door.
   705 | D:2      | Noticed Crazy Yiuf
   720 | D:2      | Found Lyguoses's Weapon Shoppe.
  1277 | D:1      | Learned a level 1 spell: Apportation
  1708 | D:2      | Reached XP level 4. HP: 31/31 MP: 5/5
  1715 | D:2      | Learned a level 3 spell: Ozocubu's Armour
  1870 | D:2      | Killed Crazy Yiuf
  1871 | D:2      | Reached skill level 1 in Spellcasting
  2383 | D:3      | Reached XP level 5. HP: 36/36 MP: 6/6
  2444 | D:3      | Found a burning altar of Makhleb.
  2444 | D:3      | Found a shimmering altar of Xom.
  2574 | D:4      | Reached skill level 1 in Necromancy
  2714 | D:4      | Reached skill level 1 in Short Blades
  2818 | D:4      | Found a white marble altar of Elyvilon.
  2818 | D:4      | Found a glowing golden altar of the Shining One.
  2820 | D:4      | Found a glowing silver altar of Zin.
  2885 | D:4      | Noticed an ogre
  3287 | D:6      | Reached XP level 6. HP: 39/42 MP: 7/7
  3319 | D:6      | Found Gak Boxtige's Self-Published Books.
  3325 | D:6      | Bought Nikola's Octavo of Electric Invention for 504 gold
                  | pieces
  3328 | D:6      | Learned a level 2 spell: Blink
  3394 | D:6      | Reached skill level 8 in Stealth
  3683 | D:6      | Reached skill level 1 in Translocations
  3683 | D:6      | Reached skill level 1 in Ice Magic
  3784 | D:6      | Reached XP level 7. HP: 46/46 MP: 9/9
  3816 | D:6      | Learned a level 2 spell: Scorch
  3835 | D:6      | Noticed Pikel
  4479 | D:5      | Reached skill level 1 in Fire Magic
  4508 | D:5      | Reached skill level 1 in Throwing
  4812 | D:4      | Reached XP level 8. HP: 19/54 MP: 2/11
  5223 | D:5      | Reached skill level 1 in Evocations
  5388 | D:5      | Learned a level 3 spell: Fugue of the Fallen
  5738 | D:5      | Upgraded the game from 0.31-b1-18-g61460d1e46 to
                  | 0.31-b1-20-g67cafac56d
  5767 | D:6      | Noticed Edmund
  6334 | D:7      | Noticed Maggie
  6423 | D:7      | Reached XP level 9. HP: 24/59 MP: 9/14
  6480 | D:7      | Reached skill level 5 in Dodging
  6588 | D:7      | Found a flagged portal.
  6615 | Bailey   | Entered a bailey
  6897 | Bailey   | Noticed an orc knight
  6897 | Bailey   | Noticed an orc knight
  6905 | Bailey   | Noticed an orc knight
  6908 | Bailey   | Mangled by an orc knight

Illustrated notes

Levels and vault maps discovered:
D:1:      elethiomel_arrival_maze, layout_basic
D:2:      layout_rooms, serial_shops, shop, minmay_statues_item,
          guppyfry_early_orc_mine, uniq_crazy_yiuf_cottage
D:3:      layout_loops_ring, grunt_temple_overflow_champion_of_chaos
D:4:      layout_loops_cross, good_gods_temple_1
D:5:      layout_cave_pods, minmay_temple_entry_junction_2
D:6:      layout_gridville, minitemple, nicolae_custom_books, uniq_pikel,
          uniq_edmund
D:7:      layout_loops_cross, enter_bailey_2, serial_shops, shop,
          minmay_quadrilaterals, uniq_maggie
Temple:   nicolae_temple_little_seven
Bailey:   bailey_polearm_5, bailey

Skill      XL: |  1  2  3  4  5  6  7  8  9 |
---------------+----------------------------+-----
Stealth        | 7 8 |  8.6
Spellcasting   | 1 2 3 4 |  4.1
Necromancy     | 1 |  1.2
Short Blades   | 1 2 |  2.4
Dodging        | 3 4 5 |  5.2
Long Blades    | 3 4 |  4.8
Translocations | 1 2 3 |  3.0
Ice Magic      | 1 2 3 |  3.0
Fighting       | 4 |  4.7
Fire Magic     | 1 2 |  2.9
Throwing       | 1 |  1.4
Evocations     | 1 |  1.3
Polearms       | |  0.9
Earth Magic    | |  0.2

Action                     |  1- 3 |  4- 6 |  7- 9 || total
---------------------------+-------+-------+-------++-------
  Melee: Dagger            |    36 |   101 |   158 ||   295
         Tentacles         |     5 |    25 |    50 ||    80
         Constrict         |     8 |    27 |    27 ||    62
         Falchion          |     6 |       |     7 ||    13
         Punch             |     1 |     2 |     3 ||     6
         Spear             |       |       |     3 ||     3
         Trident           |       |       |    36 ||    36
         Long sword        |       |       |    10 ||    10
  Throw: Dart              |     2 |     8 |    30 ||    40
         Boomerang         |       |       |     2 ||     2
   Cast: Apportation       |     2 |     1 |       ||     3
         Blink             |       |       |     9 ||     9
         Ozocubu's Armour  |       |       |     7 ||     7
         Scorch            |       |       |    22 ||    22
         Fugue of the Fall |       |       |     3 ||     3
  Evoke: Wand              |     1 |       |    12 ||    13
    Use: Scroll            |     2 |       |     6 ||     8
         Potion            |     2 |       |     3 ||     5
   Stab: Sleeping          |    12 |     8 |     1 ||    21
         Distracted        |       |       |     1 ||     1
 Armour: Skin              |    15 |    35 |   155 ||   205
  Dodge: Dodged            |    19 |    43 |   135 ||   197
